 Dungeon Crawl Stone Soup version 0.29.1-1-gd02db6906a (webtiles) character file.

Game seed: 8089368579889638837

2174 Zeld the Cleaver (level 9, -12/79 HPs)
             Began as a Minotaur Berserker on Oct 10, 2022.
             Was an Elder of Trog.
             Mangled by an orc warrior
             ... wielding a +0 flail
              (13 damage)
             ... on level 7 of the Dungeon.
             The game lasted 00:06:56 (6390 turns).

Zeld the Cleaver (Minotaur Berserker)               Turns: 6390, Time: 00:06:57

Health: -12/79     AC: 14    Str: 26    XL:     9   Next: 11%
Magic:  8/8        EV:  7    Int:  4    God:    Trog [****..]
Gold:   283        SH:  6    Dex: 10    Spells: 8/8 levels left

rFire   . . .      SeeInvis .   a - +0 war axe
rCold   . . .      Faith    .   l - +0 kite shield
rNeg    . . .      Spirit   .   b - +0 plate armour
rPois   .          Reflect  .   (helmet restricted)
rElec   .          Harm     .   z - +0 cloak
rCorr   .          Rampage  .   (no gloves)
Will    .....                   (no boots)
Stlth   ..........              (no amulet)
HPRegen 0.23/turn               (no ring)
MPRegen 0.11/turn               (no ring)

@: on berserk cooldown, slowed, very slow
A: horns 2, retaliatory headbutt
a: Renounce Religion, Berserk, Trog's Hand, Brothers in Arms


You were on level 7 of the Dungeon.
You worshipped Trog.
Trog was greatly pleased with you.
You visited 2 branches of the dungeon, and saw 8 of its levels.

You collected 283 gold pieces.

Inventory:

Hand Weapons
 a - a +0 war axe (weapon)
Missiles
 h - 5 poisoned darts
 m - 5 javelins
 u - 4 boomerangs
Armour
 b - a +0 plate armour (worn)
 l - a +0 kite shield (worn)
 z - a +0 cloak (worn)
Wands
 y - a wand of digging (5)
Scrolls
 d - 7 scrolls of identify {unknown}
 g - 2 scrolls of enchant armour {unknown}
 i - 2 scrolls of noise {unknown}
 j - 2 scrolls of fear {unknown}
 k - 6 scrolls of teleportation {unknown}
 n - a scroll of magic mapping {unknown}
 o - a scroll of summoning {unknown}
 p - a scroll of vulnerability {unknown}
 r - a scroll of silence {unknown}
 t - 4 scrolls of amnesia {unknown}
Potions
 c - 3 potions of heal wounds {unknown}
 e - 3 potions of degeneration {unknown}
 f - 2 potions of curing {unknown}
 q - a potion of berserk rage {unknown}
 s - a potion of mutation {unknown}
 v - a potion of lignification {unknown}
 w - a potion of brilliance {unknown}
 x - a potion of attraction {unknown}


   Skills:
 + Level 7.4 Fighting
 * Level 9.9 Axes
 + Level 6.8 Armour
 + Level 6.3 Dodging


You had 8 spell levels left.
You didn't know any spells.
Your spell library was empty.

Dungeon Overview and Level Annotations

Branches:
Dungeon (7/15)             Temple (1/1) D:5

Altars:
Cheibriados
Dithmenos
Elyvilon
Fedhas
Gozag
Hepliaklqana
Kikubaaqudgha
Qazlal
Ru
Vehumet
Wu Jian
Xom
Zin
The Shining One


Innate Abilities, Weirdness & Mutations

You have a pair of horns on your head.
You reflexively headbutt those who attack you in melee.


Message History

You block the orc's attack.
You closely miss the orc. You miss the killer bee.
You feel sick. The killer bee stings you!
* * * LOW HITPOINT WARNING * * *
Unknown command.
You barely miss the orc. You closely miss the killer bee.
You feel sick. You block the killer bee's attack.
The orc hits you but does no damage.
An orc comes into view. It is wielding a +0 flail.
The killer bee barely misses you.
Unknown command.
You slash the orc!
You kill the orc!
Trog accepts your kill.
You can now call in reinforcements.
You slash the killer bee!
You kill the killer bee!
Trog accepts your kill.
You feel sick.
You slice the gnoll!!
You kill the gnoll!
Trog accepts your kill.
You feel sick.
A gnoll comes into view. It is wielding a +0 club.
Unknown command.
You are no longer berserk.
You are exhausted.
You feel yourself slow down.
* * * LOW HITPOINT WARNING * * *
You feel sick.
* * * LOW HITPOINT WARNING * * *
You feel sick.
Okay, then.
You fail to use your ability.
* * * LOW HITPOINT WARNING * * *
You feel sick.
You fail to use your ability.
* * * LOW HITPOINT WARNING * * *
You feel sick.
You are no longer poisoned.
The orc warrior hits you with a +0 flail!
You die... ...# #....### .#.## #..#...# .g ....####...# o# #.#..#...#.## g# #.##........# #.### #.####.##...#### oo..

#.. #.###.....##
..# ### ..#
###...:###).###..
...#
##...@og)......
##...
#..#...#)....#.
#.##
....###..#.###.#
##### #..#.#
#..... #...##
#####


You could see an orc warrior and a gnoll.

Vanquished Creatures
  A two-headed ogre (D:5)
  Sigmund (D:6)
  An ogre (D:6)
  A phantom (D:5)
  A centaur (D:5)
  A gnoll sergeant (D:5)
  2 bullfrogs
  A necrophage (D:6)
  2 scorpions (D:5)
  6 killer bees (D:7)
  2 jellies (D:4)
  A hound (D:6)
  A gnoll bouda (D:5)
  An orc priest (D:5)
  3 iguanas
  3 orc wizards
  9 gnolls
  7 adders
  A shadow imp (D:5)
  2 ufetubi
  2 worms
  2 dart slugs
  15 orcs
  3 ball pythons
  7 endoplasms
  3 giant cockroaches
  4 goblins
  8 hobgoblins
  2 jackals (D:2)
  3 quokkas
  2 bats
  6 frilled lizards
  7 kobolds
  7 rats
118 creatures vanquished.

Notes
Turn   | Place    | Note
-------+----------+-------------------------------------------
     0 | D:1      | Zeld the Minotaur Berserker began the quest for the Orb.
     0 | D:1      | Reached XP level 1. HP: 19/19 MP: 0/0
   296 | D:1      | Reached XP level 2. HP: 19/27 MP: 1/1
   399 | D:1      | Reached skill level 4 in Axes
   973 | D:2      | Reached ** piety under Trog
   974 | D:2      | Reached XP level 3. HP: 27/33 MP: 2/2
  1893 | D:2      | Found a faded altar of an unknown god.
  1976 | D:3      | Reached XP level 4. HP: 40/40 MP: 3/3
  2435 | D:4      | Reached skill level 5 in Axes
  2546 | D:4      | Reached XP level 5. HP: 44/47 MP: 4/4
  3049 | D:4      | Identified the +7 mace of Asuery {drain, Int+7}
  3053 | D:4      | Reached *** piety under Trog
  3390 | D:5      | Entered Level 5 of the Dungeon
  3437 | D:5      | Found a shadowy altar of Dithmenos.
  3437 | D:5      | Noticed a phantom
  3442 | D:5      | Killed a phantom
  3443 | D:5      | Reached skill level 5 in Fighting
  3443 | D:5      | Reached skill level 6 in Axes
  3443 | D:5      | Reached XP level 6. HP: 54/56 MP: 5/5
  3658 | D:5      | Found a staircase to the Ecumenical Temple.
  3674 | Temple   | Entered the Ecumenical Temple
  4013 | D:5      | Noticed a two-headed ogre
  4025 | D:5      | Killed a two-headed ogre
  4026 | D:5      | Reached skill level 7 in Axes
  4026 | D:5      | Reached skill level 5 in Armour
  4026 | D:5      | Reached XP level 7. HP: 63/63 MP: 6/6
  4026 | D:5      | Reached XP level 8. HP: 70/70 MP: 7/7
  4028 | D:5      | Reached skill level 5 in Dodging
  4106 | D:5      | Found a white marble altar of Elyvilon.
  4134 | D:5      | Reached skill level 8 in Axes
  5497 | D:6      | Noticed Sigmund
  5500 | D:6      | Killed Sigmund
  5501 | D:6      | Reached skill level 9 in Axes
  6372 | D:7      | Reached XP level 9. HP: 70/79 MP: 8/8
  6385 | D:7      | Reached **** piety under Trog
  6388 | D:7      | HP: 3/79 [poisoned by a killer bee]
  6390 | D:7      | HP: 1/79 [poisoned by a killer bee]
  6390 | D:7      | Mangled by an orc warrior

Illustrated notes

Levels and vault maps discovered:
D:1:      ncdulo_wetmaze, layout_rooms
D:2:      layout_loops_ring, shapermc_ecumenical_altar_hornbeckon
D:3:      layout_rooms, hangedman_abyss_or_decor_stabs
D:4:      layout_rooms, serial_forest, infiniplex_forest_diagonal,
          infiniplex_forest_clump_curved, infiniplex_forest_straight_2,
          infiniplex_forest_lined_corner, infiniplex_forest_corner_1
D:5:      layout_loops_ring, elyvilon_altar_5, grunt_dithmenos_shadows,
          temple_doors_e
D:6:      layout_basic, uniq_sigmund
D:7:      layout_rooms, chequers_temple_overflow_statue_of_worship,
          serial_shops, nicolae_lakefront_shop, uniq_duvessa
Temple:   chequers_temple_sunken

Skill      XL: |  1  2  3  4  5  6  7  8 |
---------------+-------------------------+-----
Axes           | 4 5 6 7 9 |  9.9
Fighting       | 4 5 6 7 |  7.4
Armour         | 3 4 5 6 |  6.8
Dodging        | 3 4 6 |  6.3

Action                   |  1- 3 |  4- 6 |  7- 9 || total
-------------------------+-------+-------+-------++-------
Melee: Hand axe          |    92 |    12 |       ||   104
       Headbutt          |     8 |    16 |    17 ||    41
       War axe           |       |    93 |   130 ||   223
Invok: Berserk           |       |     1 |     1 ||     2
 Stab: Sleeping          |     1 |       |       ||     1
Armor: Animal skin       |    15 |       |       ||    15
       Plate armour      |     7 |    63 |   103 ||   173
Dodge: Dodged            |    48 |    14 |    44 ||   106
Block: Kite shield       |    17 |    27 |    55 ||    99
